 Dungeon Crawl Stone Soup version 0.22-a0-305-gd21a89c (webtiles) character file.

71 vishdafish the Covered (level 4, -12/35 HPs)
             Began as a Demonspawn Fighter on Mar 28, 2018.
             Killed by divine providence
             ... invoked by an orc priest
              (15 damage)
             ... on level 1 of the Dungeon.
             The game lasted 00:04:00 (2433 turns).

vishdafish the Covered (Demonspawn Fighter)         Turns: 2433, Time: 00:04:01

Health: -12/35     AC:  6    Str: 16    XL:     4   Next: 5%
Magic:  4/4        EV:  7    Int: 11    God:
Gold:   78         SH:  8    Dex: 12    Spells: 3/3 levels left

rFire    . . .     SeeInvis .   a - +0 long sword
rCold    . . .     Gourm    .   c - +0 shield
rNeg     . . .     Faith    .   b - +0 scale mail
rPois    .         Spirit   .   (no helmet)
rElec    .         Reflect  .   (no cloak)
rCorr    .         Harm     .   (no gloves)
MR       .....                  (no boots)
Stlth    +.........             (no amulet)
HPRegen  0.11/turn              (no ring)
MPRegen  0.09/turn              (no ring)

@: no status effects
A: claws 1, nightstalker 1
a: no special abilities


You were on level 1 of the Dungeon.
You were hungry.

You visited 1 branch of the dungeon, and saw 2 of its levels.

You collected 78 gold pieces.

Inventory:

Hand Weapons
 a - a +0 long sword (weapon)
Armour
 b - a +0 scale mail (worn)
 c - a +0 shield (worn)
Scrolls
 e - 2 scrolls of amnesia {unknown}
 g - a scroll of noise {unknown}
 i - 3 scrolls of identify {unknown}
 j - a scroll of enchant weapon {unknown}
 l - a scroll of immolation {unknown}
 m - 2 scrolls of enchant armour {unknown}
 p - a scroll of remove curse {unknown}
 r - 2 scrolls of teleportation {unknown}
Potions
 h - a potion of flight
 o - a potion of agility {unknown}
Comestibles
 f - 4 rations


   Skills:
 + Level 3.3 Fighting
 * Level 2.6 Long Blades
 + Level 3.4 Armour
 + Level 0.5 Dodging
 + Level 2.8 Shields


You had 3 spell levels left.
You didn't know any spells.

Dungeon Overview and Level Annotations

Branches:
Dungeon (2/15)

Altars:

Annotations:
D:2 Terence


Innate Abilities, Weirdness & Mutations

You have sharp fingernails.
You are slightly more attuned to the shadows.


Message History

You slash the orc priest!
The orc priest is severely wounded.
The orc priest miscasts a cantrip.
You hit the orc priest but do no damage.
The orc priest is severely wounded.
The orc priest barely misses you. You block the orc priest's attack.
You hit the orc priest.
The orc priest is almost dead.
The orc priest hits you.
You closely miss the orc priest.
The orc priest is severely wounded.
The orc priest invokes the aid of Beogh against you.
Pain shoots through your body!
* * * LOW HITPOINT WARNING * * *
The orc priest hits you but does no damage.
You hit the orc priest.
The orc priest is almost dead.
The orc priest calls down the wrath of Beogh upon you.
Beogh smites you!
You die...

##...## ##+## #
##.....#### #.### #
#.........#
#####...######
##.....##.#
#.............
##...###)###'##....######
##.###...#...#....# #.#
#.>.#...#....##
#.###o..#...#.###.#
#...#.@.#.<.#.# #.#
#####...#...#.###.#
#.>.#...##...##
#...#...##.###
###'###+###.# ##.#.##..#
#.# ##.###.#.####.######
##.#####..###.......###
#.###..................


You could see an orc priest.

Vanquished Creatures
  4 adders
  2 worms
  2 giant cockroaches (D:1)
  5 goblins
  4 hobgoblins
  3 bats
  4 kobolds
  5 rats
29 creatures vanquished.

Notes
Turn   | Place    | Note
-------+----------+-------------------------------------------
     0 | D:1      | vishdafish the Demonspawn Fighter began the quest for the Orb.
     0 | D:1      | Reached XP level 1. HP: 18/18 MP: 1/1
   169 | D:1      | Gained mutation: You are slightly more attuned to the shadows. [demonic ancestry]
   169 | D:1      | Reached XP level 2. HP: 22/24 MP: 2/2
   865 | D:1      | Reached XP level 3. HP: 6/29 MP: 3/3
  1429 | D:2      | Noticed Terence
  2219 | D:1      | Gained mutation: You have sharp fingernails. [demonic ancestry]
  2219 | D:1      | Reached XP level 4. HP: 5/35 MP: 4/4
  2433 | D:1      | Killed from afar by an orc priest

Vault maps used:
D:1:      minmay_arrival_up_and_down, minmay_tetromino_o4
D:2:      lemuel_doored_altar, serial_glass, glass_columns_b, glass_columns_a,
          first_ration, uniq_terence

Skill      XL: |  1  2 |
---------------+-------+-----
Long Blades    | 2 |  2.6
Armour         | 3 |  3.4
Fighting       | |  3.3
Dodging        | |  0.5
Shields        | |  2.8

Action                   |  1- 3 |  4- 6 || total
-------------------------+-------+-------++-------
Melee: Long sword        |   121 |    16 ||   137
  Use: Potion            |     2 |     3 ||     5
  Eat: Chunk             |     4 |       ||     4
Armor: Scale mail        |    58 |     6 ||    64
Dodge: Dodged            |    38 |     2 ||    40
Block: Shield            |    56 |     5 ||    61
       Rpst.: Long sword |    14 |     1 ||    15

Table legend:
 A = Spawn XP
 B = Non-spawn XP
 C = Spawn XP percentage of total XP
 D = Spawn monster count
 E = Non-spawn monster count
 F = Spawn count percentage of total count
 G = Total turns spent on level
                    A         B        C        D         E        F      G
               +---------+---------+-------+---------+---------+-------+---------
         Total |       0 |     102 |   0.0 |       0 |      29 |   0.0 |  2433
               +---------+---------+-------+---------+---------+-------+---------
           D:1 |       0 |      64 |   0.0 |       0 |      16 |   0.0 |  2008
           D:2 |       0 |      38 |   0.0 |       0 |      13 |   0.0 |   425
               +---------+---------+-------+---------+---------+-------+---------
